Vancouver Canucks vs Colorado Rockies
Created - Thursday, March 6, 2025 at 08:40
Goals
|
| Vancouver Canucks |
2 |
1 |
1 |
4 |
| Colorado Rockies |
0 |
3 |
2 |
5 |
|
Shots
|
| Vancouver Canucks |
15 |
6 |
10 |
31 |
| Colorado Rockies |
7 |
11 |
10 |
28 |
|
1st period
1. Vancouver Canucks , Aleksander Barkov 11 (Clayton Keller 7, Mikko Rantanen 10) at 1:25
2. Vancouver Canucks , Casey Mittelstadt 4 (Anton Lundell 7, Ryan McDonagh 3) at 7:20
Penalties :
Connor Zary (VAN) for Hooking (Minor) at 11:26
2nd period
3. Vancouver Canucks , Robby Fabbri 4 (Connor Zary 6) at 0:23
4. Colorado Rockies , David Pastrnak 5 (Kyle Connor 9, Nick Schmaltz 14) at 10:09
5. Colorado Rockies , Philipp Kurashev 8 (Kyle Palmieri 4, Michael Bunting 7) at 15:34
6. Colorado Rockies , David Pastrnak 6 (Kyle Connor 10, Quinn Hughes 10) at 19:04
Penalties :
Noah Hanifin (VAN) for Elbowing (Minor) at 0:36, Ty Dellandrea (VAN) for Cross-checking (Minor) at 3:19
3rd period
7. Vancouver Canucks , Artturi Lehkonen 8 (Connor Zary 7, Chad Ruhwedel 1) at 11:01
8. Colorado Rockies , Tim Stutzle 6 (Jesper Bratt 12, Nikita Kucherov 11) at 13:18
9. Colorado Rockies , Vince Dunn 3 (Kyle Connor 11, David Pastrnak 20) at 16:37 (PP)
Penalties :
Quinn Hughes (COL) for Slashing (Double Minor) at 1:45, Miro Heiskanen (VAN) for Roughing (Minor) at 16:32, Connor Zary (VAN) for Hooking (Minor) at 17:40, Brett Leason (VAN) for Hooking (Minor) at 18:56
Goalie Stats
Ville Husso (VAN), 23 saves from 28 shots - (0.821), L, 1-4-0, 60:00 minutes
Joey Daccord (COL), 27 saves from 31 shots - (0.871), W, 11-6-2, 60:00 minutes
Players Stats for Vancouver Canucks
Player Name G A P +/- PIM S H SB GA TA FO MP PP MP PK MP
------------------------------------------------------------------------------------
Aleksander Barkov 1 0 1 -1 0 6 0 0 1 1 23/39 22:27 1:49 3:31
Anton Lundell 0 1 1 0 0 1 0 0 0 0 0/0 10:50 0:55 0:15
Artturi Lehkonen 1 0 1 2 0 4 0 1 0 0 2/4 17:27 1:34 3:54
Brett Leason 0 0 0 -1 2 0 1 0 1 0 0/0 12:52 0:05 3:24
Casey Mittelstadt 1 0 1 0 0 3 0 0 0 0 4/7 11:51 1:31 0:39
Chad Ruhwedel 0 1 1 2 0 0 2 0 1 0 0/0 20:00 0:31 4:41
Clayton Keller 0 1 1 -1 0 3 1 1 0 0 0/0 18:26 1:34 0:00
Connor Zary 0 2 2 2 4 2 0 0 0 0 4/10 13:19 1:30 0:01
Emil Martinsen Lilleberg 0 0 0 -1 0 1 0 0 0 0 0/0 16:05 0:31 3:40
Jacob Bernard-Docker 0 0 0 -1 0 0 0 1 0 1 0/0 15:34 0:00 3:40
Matias Maccelli 0 0 0 -1 0 2 1 0 1 0 0/0 9:43 0:29 0:00
Mikael Pyyhtia 0 0 0 -1 0 0 1 0 0 1 0/0 9:33 0:19 0:00
Mikko Rantanen 0 1 1 -1 0 2 1 0 0 0 2/4 20:02 1:37 1:27
Miro Heiskanen 0 0 0 -1 2 0 2 2 2 1 0/0 23:49 1:49 1:02
Noah Hanifin 0 0 0 -1 2 3 2 1 1 0 0/0 25:49 1:39 3:39
Robby Fabbri 1 0 1 2 0 2 0 1 1 0 0/0 13:12 1:27 0:00
Ryan McDonagh 0 1 1 2 0 1 0 0 0 0 0/0 16:26 1:39 0:00
Ty Dellandrea 0 0 0 0 2 1 4 0 1 0 0/0 13:25 0:56 2:47
Players Stats for Colorado Rockies
Player Name G A P +/- PIM S H SB GA TA FO MP PP MP PK MP
------------------------------------------------------------------------------------
Andrew Peeke 0 0 0 0 0 1 1 1 0 1 0/0 18:45 4:03 1:39
David Pastrnak 2 1 3 1 0 4 0 1 0 1 0/2 20:58 4:05 1:40
Evgeny Kuznetsov 0 0 0 0 0 0 0 0 0 0 0/0 1:46 0:00 0:00
Jesper Bratt 0 1 1 -2 0 3 2 0 1 0 1/1 20:27 4:16 1:29
Kevin Hayes 0 0 0 0 0 0 0 0 0 0 0/0 0:20 0:00 0:00
Kyle Connor 0 3 3 1 0 2 0 1 0 1 0/0 20:11 4:05 0:44
Kyle Palmieri 0 1 1 1 0 1 1 0 0 0 0/1 12:42 0:00 0:46
Martin Fehervary 0 0 0 -2 0 1 1 0 0 0 0/0 15:41 0:00 0:34
Michael Bunting 0 1 1 1 0 5 1 0 0 0 0/1 16:38 0:00 0:00
Nick Bonino 0 0 0 0 0 1 2 0 0 0 4/8 5:48 0:00 0:00
Nick Schmaltz 0 1 1 1 0 2 2 0 0 0 8/17 19:55 4:05 0:28
Nikita Kucherov 0 1 1 -2 0 1 2 0 1 1 2/5 25:14 4:16 1:35
Nikita Zadorov 0 0 0 -2 0 0 1 3 0 1 0/0 21:00 4:18 1:39
Philipp Kurashev 1 0 1 1 0 2 1 0 1 0 2/5 11:48 0:00 0:00
Quinn Hughes 0 1 1 2 4 1 0 0 1 1 0/0 19:48 0:00 0:00
Tim Stutzle 1 0 1 -2 0 2 1 0 0 0 12/24 20:40 4:16 1:50
Victor Hedman 0 0 0 2 0 1 1 0 0 3 0/0 25:49 4:03 1:46
Vince Dunn 1 0 1 0 0 1 1 0 0 0 0/0 18:29 4:18 1:46
3 Stars
1 - David Pastrnak (COL)
2 - Kyle Connor (COL)
3 - Philipp Kurashev (COL)
Power Play
Vancouver Canucks - 0 on 3 Attempt(s) - 0.00%
Colorado Rockies - 1 on 5 Attempt(s) - 20.00%
Penalty Kill
Vancouver Canucks - 4 on 5 Attempt(s) - 80.00%
- Score 0 goal in Penalty Kill
Colorado Rockies - 3 on 3 Attempt(s) - 100.00%
- Score 0 goal in Penalty Kill
Team Stat
Vancouver Canucks - Hits : 15 - Faceoff Wins : 35 - Blocked Shots : 7 - Penalty Minutes : 12
Colorado Rockies - Hits : 17 - Faceoff Wins : 29 - Blocked Shots : 6 - Penalty Minutes : 4
Official
Referees : Eric Furlatt and Justin Kea
Linesman : Andrew Smith and Brad Kovachik
Game Notes
10:00 of 2nd period - Penalty Shot by Nikita Zadorov for Colorado Rockies - Stopped by Ville Husso
Finance
Level 1 -- Attendance: 5382 (89.70%) -- Ticket Income $484,380
Level 2 -- Attendance: 4257 (85.14%) -- Ticket Income $234,135
Level 3 -- Attendance: 2206 (73.53%) -- Ticket Income $77,210
Level 4 -- Attendance: 3640 (72.80%) -- Ticket Income $91,000
Luxury Box -- Attendance: 868 (86.80%) -- Ticket Income $151,900
Game was played at the Pepsi Center.
Total Attendance: 16353 (81.77%)
Total Ticket Income: $1,038,625
Other Income: $363,519
Total Income: $1,402,144
Vancouver Canucks
5 vs 5 Forward
Center Left Wing Right Wing Time % Phy DF OF
1 Aleksander Barkov Clayton Keller Mikko Rantanen 40 1 1 3
2 Connor Zary Robby Fabbri Artturi Lehkonen 30 1 2 2
3 Casey Mittelstadt Anton Lundell Ty Dellandrea 20 1 2 2
4 Mikael Pyyhtia Matias Maccelli Brett Leason 10 1 3 1
5 vs 5 Defense
Defense Defense Time % Phy DF OF
1 Noah Hanifin Miro Heiskanen 30 1 2 2
2 Chad Ruhwedel Ryan McDonagh 30 1 2 2
3 Emil Martinsen Lilleberg Jacob Bernard-Docker 25 1 2 2
4 Noah Hanifin Miro Heiskanen 15 1 2 2
PowerPlay Forward
Center Left Wing Right Wing Time % Phy DF OF
1 Mikko Rantanen Clayton Keller Artturi Lehkonen 50 0 1 4
2 Casey Mittelstadt Connor Zary Robby Fabbri 50 0 1 4
PowerPlay Defense
Defense Defense Time % Phy DF OF
1 Aleksander Barkov Miro Heiskanen 50 0 1 4
2 Noah Hanifin Ryan McDonagh 50 0 1 4
Penalty Kill 4 Players Forward
Center Wing Time % Phy DF OF
1 Aleksander Barkov Brett Leason 50 1 2 2
2 Artturi Lehkonen Ty Dellandrea 50 1 2 2
Penalty Kill 4 Players Defense
Defense Defense Time % Phy DF OF
1 Noah Hanifin Chad Ruhwedel 50 1 2 2
2 Emil Martinsen Lilleberg Jacob Bernard-Docker 50 1 2 2
Penalty Kill - 3 Players Forward
Forward Time % Phy DF OF
1 Brett Leason 50 1 2 2
2 Aleksander Barkov 50 1 2 2
Penalty Kill - 3 Players Defense
Defense Defense Time % Phy DF OF
1 Noah Hanifin Chad Ruhwedel 50 1 2 2
2 Emil Martinsen Lilleberg Jacob Bernard-Docker 50 1 2 2
4 vs 4 Forward
Center Wing Time % Phy DF OF
1 Mikko Rantanen Clayton Keller 50 1 2 2
2 Casey Mittelstadt Matias Maccelli 50 1 2 2
4 vs 4 Defense
Defense Defense Time % Phy DF OF
1 Noah Hanifin Miro Heiskanen 50 1 2 2
2 Emil Martinsen Lilleberg Ryan McDonagh 50 1 2 2
Last Minutes Offensive
Center Left Wing Right Wing Defense Defense
Aleksander Barkov Clayton Keller Mikko Rantanen Ryan McDonagh Miro Heiskanen
Last Minutes Defensive
Center Left Wing Right Wing Defense Defense
Aleksander Barkov Artturi Lehkonen Brett Leason Noah Hanifin Miro Heiskanen
Goaltenders
Starting : Ville Husso
Backup : Joonas Korpisalo
Extra Forwards
Normal : Aleksander Barkov, Mikko Rantanen, Clayton Keller - PP : Clayton Keller, Casey Mittelstadt - PK : Mikko Rantanen
Extra Defensemen
Normal : Noah Hanifin, Miro Heiskanen, Emil Martinsen Lilleberg - PP : Noah Hanifin - PK : Noah Hanifin, Miro Heiskanen
Penalty Shots
Aleksander Barkov, Mikko Rantanen, Clayton Keller, Brett Leason, Miro Heiskanen
Scratches
Jesperi Kotkaniemi (Healthy), Adam Boqvist (Healthy), Jacob Bryson (Healthy), Justus Annunen (Healthy)
Colorado Rockies
5 vs 5 Forward
Center Left Wing Right Wing Time % Phy DF OF
1 Tim Stutzle Jesper Bratt Nikita Kucherov 30 1 2 2
2 Nick Schmaltz Kyle Connor David Pastrnak 30 1 2 2
3 Philipp Kurashev Kyle Palmieri Michael Bunting 25 1 2 2
4 Nick Bonino Michael Bunting Nikita Kucherov 15 1 2 2
5 vs 5 Defense
Defense Defense Time % Phy DF OF
1 Victor Hedman Quinn Hughes 30 1 2 2
2 Nikita Zadorov Martin Fehervary 30 1 2 2
3 Vince Dunn Andrew Peeke 25 1 2 2
4 Victor Hedman Quinn Hughes 15 1 2 2
PowerPlay Forward
Center Left Wing Right Wing Time % Phy DF OF
1 Tim Stutzle Jesper Bratt Nikita Kucherov 50 1 2 2
2 Nick Schmaltz Kyle Connor David Pastrnak 50 1 2 2
PowerPlay Defense
Defense Defense Time % Phy DF OF
1 Victor Hedman Andrew Peeke 50 1 2 2
2 Nikita Zadorov Vince Dunn 50 1 2 2
Penalty Kill 4 Players Forward
Center Wing Time % Phy DF OF
1 Nikita Kucherov David Pastrnak 50 1 2 2
2 Tim Stutzle Jesper Bratt 50 1 2 2
Penalty Kill 4 Players Defense
Defense Defense Time % Phy DF OF
1 Victor Hedman Vince Dunn 50 1 2 2
2 Nikita Zadorov Andrew Peeke 50 1 2 2
Penalty Kill - 3 Players Forward
Forward Time % Phy DF OF
1 Nikita Kucherov 50 1 2 2
2 David Pastrnak 50 1 2 2
Penalty Kill - 3 Players Defense
Defense Defense Time % Phy DF OF
1 Victor Hedman Vince Dunn 50 1 2 2
2 Nikita Zadorov Andrew Peeke 50 1 2 2
4 vs 4 Forward
Center Wing Time % Phy DF OF
1 Nikita Kucherov David Pastrnak 50 1 2 2
2 Tim Stutzle Jesper Bratt 50 1 2 2
4 vs 4 Defense
Defense Defense Time % Phy DF OF
1 Victor Hedman Quinn Hughes 50 1 2 2
2 Nikita Zadorov Vince Dunn 50 1 2 2
Last Minutes Offensive
Center Left Wing Right Wing Defense Defense
Tim Stutzle Jesper Bratt Nikita Kucherov Victor Hedman Quinn Hughes
Last Minutes Defensive
Center Left Wing Right Wing Defense Defense
Tim Stutzle Jesper Bratt Nikita Kucherov Victor Hedman Quinn Hughes
Goaltenders
Starting : Joey Daccord
Backup : Arvid Soderblom
Extra Forwards
Normal : Evgeny Kuznetsov, Kevin Hayes, Kyle Palmieri - PP : Evgeny Kuznetsov, Kevin Hayes - PK : Kyle Palmieri
Extra Defensemen
Normal : Vince Dunn, Andrew Peeke, Nikita Zadorov - PP : Vince Dunn - PK : Andrew Peeke, Nikita Zadorov
Penalty Shots
Nikita Kucherov, David Pastrnak, Tim Stutzle, Jesper Bratt, Kyle Connor
Scratches
Daniil Tarasov (Sprained Right Knee Injury)
% Time on Ice - Vancouver Canucks
Lines # - Real PCT - Wanted PCT - Time Play
Normal Forward
1 - 35% - 40% - 16:51
2 - 25% - 30% - 11:55
3 - 20% - 20% - 9:40
4 - 19% - 10% - 9:14
Normal Defense
1 - 30% - 30% - 14:30
2 - 31% - 30% - 14:51
3 - 25% - 25% - 11:50
4 - 14% - 15% - 6:29
PP Forward
1 - 53% - 50% - 2:06
2 - 47% - 50% - 1:53
PP Defense
1 - 59% - 50% - 2:20
2 - 41% - 50% - 1:39
PK Forward
1 - 46% - 50% - 3:29
2 - 54% - 50% - 4:09
PK Defense
1 - 52% - 50% - 3:58
2 - 48% - 50% - 3:40
PK3 Forward
1 - 93% - 50% - 0:40
2 - 7% - 50% - 0:03
PK3 Defense
1 - 100% - 50% - 0:43
2 - 0% - 50% - 0:00
44 Forward
1 - 0% - 50%
2 - 0% - 50%
44 Defense
1 - 0% - 50%
2 - 0% - 50%
Last Minute Offensive - 0:00
Last Minute Defensive - 0:00
Total
Forward - 60:00
Defense - 60:00
|
% Time on Ice - Colorado Rockies
Lines # - Real PCT - Wanted PCT - Time Play
Normal Forward
1 - 31% - 30% - 14:42
2 - 32% - 30% - 15:22
3 - 25% - 25% - 11:48
4 - 12% - 15% - 5:48
Normal Defense
1 - 30% - 30% - 14:18
2 - 30% - 30% - 14:25
3 - 26% - 25% - 12:25
4 - 14% - 15% - 6:32
PP Forward
1 - 51% - 50% - 4:16
2 - 49% - 50% - 4:05
PP Defense
1 - 49% - 50% - 4:03
2 - 51% - 50% - 4:18
PK Forward
1 - 55% - 50% - 2:11
2 - 45% - 50% - 1:48
PK Defense
1 - 44% - 50% - 1:46
2 - 56% - 50% - 2:13
PK3 Forward
1 - 0% - 50%
2 - 0% - 50%
PK3 Defense
1 - 0% - 50%
2 - 0% - 50%
44 Forward
1 - 0% - 50%
2 - 0% - 50%
44 Defense
1 - 0% - 50%
2 - 0% - 50%
Last Minute Offensive - 0:00
Last Minute Defensive - 0:00
Total
Forward - 60:00
Defense - 60:00
|
Play-by-Play
1st period
0:01 of 1st period - Jesper Bratt wins face-off versus Aleksander Barkov in neutral zone.
0:16 of 1st period - Wrist shot by Jesper Bratt.
0:16 of 1st period - Shot Misses the Net.
0:30 of 1st period - Snap shot by Artturi Lehkonen.
0:30 of 1st period - Stopped by Joey Daccord with a rebound.
0:32 of 1st period - Snap shot by Robby Fabbri.
0:32 of 1st period - Shot Misses the Net.
0:34 of 1st period - Snap shot by Artturi Lehkonen.
0:34 of 1st period - Shot Blocked by David Pastrnak.
0:36 of 1st period - Wrist shot by Noah Hanifin.
0:36 of 1st period - Stopped by Joey Daccord with a rebound.
1:17 of 1st period - Slapshot by Matias Maccelli.
1:17 of 1st period - Shot Blocked by Nikita Zadorov.
1:23 of 1st period - Snap shot by Clayton Keller.
1:23 of 1st period - Shot Misses the Net.
1:25 of 1st period - Snap shot by Aleksander Barkov.
1:25 of 1st period - Deflect By Jesper Bratt.
1:25 of 1st period - Goal by Aleksander Barkov - Vancouver Canucks : 1 - Colorado Rockies : 0.
1:26 of 1st period - Nick Bonino wins face-off versus Connor Zary in neutral zone.
1:31 of 1st period - Slapshot by Nikita Kucherov.
1:31 of 1st period - Shot Misses the Net.
1:39 of 1st period - Snap shot by Michael Bunting.
1:39 of 1st period - Shot Blocked by Jacob Bernard-Docker.
1:53 of 1st period - Icing by Nick Schmaltz.
1:54 of 1st period - Aleksander Barkov wins face-off versus Nick Schmaltz in Colorado Rockies zone.
1:59 of 1st period - Snap shot by Aleksander Barkov.
1:59 of 1st period - Stopped by Joey Daccord with a rebound.
2:01 of 1st period - Slapshot by Noah Hanifin.
2:01 of 1st period - Shot Misses the Net.
2:03 of 1st period - Slapshot by Noah Hanifin.
2:03 of 1st period - Shot Misses the Net.
2:05 of 1st period - Wrist shot by Aleksander Barkov.
2:05 of 1st period - Shot Misses the Net.
2:07 of 1st period - Slapshot by Noah Hanifin.
2:07 of 1st period - Stopped by Joey Daccord without a rebound.
2:08 of 1st period - Casey Mittelstadt wins face-off versus Philipp Kurashev in Colorado Rockies zone.
2:21 of 1st period - Snap shot by Casey Mittelstadt.
2:21 of 1st period - Stopped by Joey Daccord with a rebound.
2:23 of 1st period - Slapshot by Miro Heiskanen.
2:23 of 1st period - Deflect By Casey Mittelstadt.
2:23 of 1st period - Shot Blocked by Nikita Zadorov.
2:23 of 1st period - Puck is out of play.
2:24 of 1st period - Tim Stutzle wins face-off versus Connor Zary in Colorado Rockies zone.
2:39 of 1st period - Snap shot by Jesper Bratt.
2:39 of 1st period - Shot Blocked by Robby Fabbri.
2:41 of 1st period - Wrist shot by Jesper Bratt.
2:41 of 1st period - Shot Misses the Net.
3:00 of 1st period - Snap shot by David Pastrnak.
3:00 of 1st period - Shot Misses the Net.
3:02 of 1st period - Slapshot by Martin Fehervary.
3:02 of 1st period - Stopped by Ville Husso with a rebound.
4:32 of 1st period - Nikita Kucherov is hit by Mikael Pyyhtia.
5:18 of 1st period - Snap shot by Robby Fabbri.
5:18 of 1st period - Shot Misses the Net.
5:20 of 1st period - Slapshot by Artturi Lehkonen.
5:20 of 1st period - Deflect By Martin Fehervary.
5:20 of 1st period - Stopped by Joey Daccord without a rebound.
5:21 of 1st period - Philipp Kurashev wins face-off versus Connor Zary in Colorado Rockies zone.
5:28 of 1st period - Icing by Ryan McDonagh.
5:29 of 1st period - Connor Zary wins face-off versus Tim Stutzle in Vancouver Canucks zone.
5:42 of 1st period - Wrist shot by Jesper Bratt.
5:42 of 1st period - Stopped by Ville Husso without a rebound.
5:43 of 1st period - Aleksander Barkov wins face-off versus Nikita Kucherov in Vancouver Canucks zone.
5:43 of 1st period - Aleksander Barkov is hit by Nikita Kucherov.
5:53 of 1st period - Snap shot by Aleksander Barkov.
5:53 of 1st period - Stopped by Joey Daccord with a rebound.
6:13 of 1st period - Snap shot by David Pastrnak.
6:13 of 1st period - Deflect By Nick Schmaltz.
6:13 of 1st period - Stopped by Ville Husso without a rebound.
6:14 of 1st period - Casey Mittelstadt wins face-off versus Nick Schmaltz in Vancouver Canucks zone.
7:20 of 1st period - Wrist shot by Casey Mittelstadt.
7:20 of 1st period - Deflect By Vince Dunn.
7:20 of 1st period - Goal by Casey Mittelstadt - Vancouver Canucks : 2 - Colorado Rockies : 0.
7:21 of 1st period - Aleksander Barkov wins face-off versus Tim Stutzle in neutral zone.
8:08 of 1st period - Snap shot by Matias Maccelli.
8:08 of 1st period - Stopped by Joey Daccord with a rebound.
8:22 of 1st period - Jesper Bratt is hit by Chad Ruhwedel and loses puck.
9:10 of 1st period - Snap shot by Anton Lundell.
9:10 of 1st period - Stopped by Joey Daccord without a rebound.
9:11 of 1st period - Nick Schmaltz wins face-off versus Aleksander Barkov in Colorado Rockies zone.
9:30 of 1st period - Aleksander Barkov is hit by Nikita Kucherov and loses puck.
9:42 of 1st period - Icing by Chad Ruhwedel.
9:43 of 1st period - Connor Zary wins face-off versus Kyle Palmieri in Vancouver Canucks zone.
11:20 of 1st period - Wrist shot by Kyle Connor.
11:20 of 1st period - Stopped by Ville Husso with a rebound.
11:26 of 1st period - Minor Penalty to Connor Zary for Hooking.
11:27 of 1st period - Aleksander Barkov wins face-off versus Tim Stutzle in Vancouver Canucks zone.
11:59 of 1st period - Wrist shot by David Pastrnak.
11:59 of 1st period - Shot Misses the Net.
12:01 of 1st period - Slapshot by Andrew Peeke.
12:01 of 1st period - Shot Misses the Net.
12:03 of 1st period - Backhand shot by Andrew Peeke.
12:03 of 1st period - Stopped by Ville Husso with a rebound.
12:05 of 1st period - Snap shot by Nick Schmaltz.
12:05 of 1st period - Stopped by Ville Husso with a rebound.
13:26 of 1st period - Penalty to Connor Zary is over, Connor Zary is back on ice.
13:30 of 1st period - Icing by David Pastrnak.
13:31 of 1st period - Nick Schmaltz wins face-off versus Casey Mittelstadt in Colorado Rockies zone.
13:31 of 1st period - Nick Schmaltz is hit by Miro Heiskanen.
16:07 of 1st period - Ryan McDonagh is hit by Jesper Bratt and loses puck.
16:40 of 1st period - Quinn Hughes is hit by Chad Ruhwedel.
18:03 of 1st period - Snap shot by Kyle Palmieri.
18:03 of 1st period - Stopped by Ville Husso with a rebound.
18:09 of 1st period - Victor Hedman is hit by Noah Hanifin.
18:35 of 1st period - Snap shot by Robby Fabbri.
18:35 of 1st period - Deflect By Tim Stutzle.
18:35 of 1st period - Shot Misses the Net.
18:35 of 1st period - Puck is out of play.
18:36 of 1st period - Aleksander Barkov wins face-off versus Tim Stutzle in Colorado Rockies zone.
18:39 of 1st period - Snap shot by Aleksander Barkov.
18:39 of 1st period - Stopped by Joey Daccord with a rebound.
18:41 of 1st period - Slapshot by Mikko Rantanen.
18:41 of 1st period - Shot Misses the Net.
18:43 of 1st period - Snap shot by Mikko Rantanen.
18:43 of 1st period - Stopped by Joey Daccord without a rebound.
18:44 of 1st period - Mikko Rantanen wins face-off versus Nick Schmaltz in Colorado Rockies zone.
18:47 of 1st period - Snap shot by Aleksander Barkov.
18:47 of 1st period - Shot Misses the Net.
18:49 of 1st period - Slapshot by Aleksander Barkov.
18:49 of 1st period - Stopped by Joey Daccord without a rebound.
18:50 of 1st period - Aleksander Barkov wins face-off versus Nick Schmaltz in Colorado Rockies zone.
18:51 of 1st period - Snap shot by Mikko Rantanen.
18:51 of 1st period - Deflect By Aleksander Barkov.
18:51 of 1st period - Shot Misses the Net.
18:51 of 1st period - Puck is out of play.
18:52 of 1st period - Aleksander Barkov wins face-off versus Nick Schmaltz in Colorado Rockies zone.
19:18 of 1st period - Icing by David Pastrnak.
19:19 of 1st period - Tim Stutzle wins face-off versus Artturi Lehkonen in Colorado Rockies zone.
19:33 of 1st period - Wrist shot by Robby Fabbri.
19:33 of 1st period - Stopped by Joey Daccord with a rebound.
19:35 of 1st period - Wrist shot by Artturi Lehkonen.
19:35 of 1st period - Shot Blocked by Nikita Zadorov.
Goals for this period are 2 for Vancouver Canucks vs 0 for Colorado Rockies.
Shots for this period are 15 for Vancouver Canucks vs 7 for Colorado Rockies.
2nd period
0:01 of 2nd period - Aleksander Barkov wins face-off versus Nick Bonino in neutral zone.
0:15 of 2nd period - Snap shot by Nikita Kucherov.
0:15 of 2nd period - Deflect By Nick Bonino.
0:15 of 2nd period - Stopped by Ville Husso without a rebound.
0:16 of 2nd period - Connor Zary wins face-off versus Tim Stutzle in Vancouver Canucks zone.
0:23 of 2nd period - Wrist shot by Robby Fabbri.
0:23 of 2nd period - Goal by Robby Fabbri - Vancouver Canucks : 3 - Colorado Rockies : 0.
0:24 of 2nd period - Nick Bonino wins face-off versus Aleksander Barkov in neutral zone.
0:27 of 2nd period - Slapshot by Quinn Hughes.
0:27 of 2nd period - Stopped by Ville Husso with a rebound.
0:29 of 2nd period - Wrist shot by Michael Bunting.
0:29 of 2nd period - Shot Misses the Net.
0:31 of 2nd period - Snap shot by Nick Bonino.
0:31 of 2nd period - Shot Blocked by Miro Heiskanen.
0:33 of 2nd period - Slapshot by Michael Bunting.
0:33 of 2nd period - Stopped by Ville Husso without a rebound.
0:34 of 2nd period - Aleksander Barkov wins face-off versus Michael Bunting in Vancouver Canucks zone.
0:36 of 2nd period - Minor Penalty to Noah Hanifin for Elbowing.
0:37 of 2nd period - Aleksander Barkov wins face-off versus David Pastrnak in Vancouver Canucks zone.
1:46 of 2nd period - Icing by David Pastrnak.
1:47 of 2nd period - Aleksander Barkov wins face-off versus Nick Schmaltz in Colorado Rockies zone.
2:07 of 2nd period - Nikita Zadorov is hit by Ty Dellandrea and loses puck.
2:36 of 2nd period - Penalty to Noah Hanifin is over, Noah Hanifin is back on ice.
3:19 of 2nd period - Minor Penalty to Ty Dellandrea for Cross-checking.
3:20 of 2nd period - Nick Schmaltz wins face-off versus Artturi Lehkonen in Vancouver Canucks zone.
5:05 of 2nd period - Icing by Vince Dunn.
5:06 of 2nd period - Aleksander Barkov wins face-off versus Nick Schmaltz in Colorado Rockies zone.
5:19 of 2nd period - Penalty to Ty Dellandrea is over, Ty Dellandrea is back on ice.
5:34 of 2nd period - Snap shot by Ty Dellandrea.
5:34 of 2nd period - Stopped by Joey Daccord without a rebound.
5:35 of 2nd period - Aleksander Barkov wins face-off versus Philipp Kurashev in Colorado Rockies zone.
5:38 of 2nd period - Snap shot by Aleksander Barkov.
5:38 of 2nd period - Stopped by Joey Daccord without a rebound.
5:39 of 2nd period - Aleksander Barkov wins face-off versus Philipp Kurashev in Colorado Rockies zone.
6:14 of 2nd period - Slapshot by Tim Stutzle.
6:14 of 2nd period - Stopped by Ville Husso without a rebound.
6:15 of 2nd period - Aleksander Barkov wins face-off versus Tim Stutzle in Vancouver Canucks zone.
6:21 of 2nd period - Off-side.
6:22 of 2nd period - Aleksander Barkov wins face-off versus Tim Stutzle in neutral zone.
6:39 of 2nd period - Ryan McDonagh is hit by Victor Hedman and loses puck.
6:56 of 2nd period - Wrist shot by Mikko Rantanen.
6:56 of 2nd period - Stopped by Joey Daccord without a rebound.
6:57 of 2nd period - Nick Schmaltz wins face-off versus Connor Zary in Colorado Rockies zone.
9:09 of 2nd period - Wrist shot by Clayton Keller.
9:09 of 2nd period - Shot Blocked by Andrew Peeke.
10:00 of 2nd period - Penalty Shot by Nikita Zadorov for Colorado Rockies.
10:00 of 2nd period - Wrist shot by Nikita Zadorov.
10:00 of 2nd period - Stopped by Ville Husso.
10:01 of 2nd period - Nick Schmaltz wins face-off versus Mikko Rantanen in Colorado Rockies zone.
10:09 of 2nd period - Wrist shot by David Pastrnak.
10:09 of 2nd period - Goal by David Pastrnak - Vancouver Canucks : 3 - Colorado Rockies : 1.
10:10 of 2nd period - Nikita Kucherov wins face-off versus Aleksander Barkov in neutral zone.
10:17 of 2nd period - Snap shot by Nikita Kucherov.
10:17 of 2nd period - Shot Hit the Post.
10:35 of 2nd period - Quinn Hughes is hit by Miro Heiskanen and loses puck.
10:48 of 2nd period - Snap shot by Artturi Lehkonen.
10:48 of 2nd period - Shot Blocked by Kyle Connor.
11:06 of 2nd period - Snap shot by Jesper Bratt.
11:06 of 2nd period - Shot Misses the Net.
11:20 of 2nd period - Vince Dunn is hit by Matias Maccelli and loses puck.
11:29 of 2nd period - Matias Maccelli is hit by Philipp Kurashev and loses puck.
11:44 of 2nd period - Snap shot by Clayton Keller.
11:44 of 2nd period - Shot Misses the Net.
14:11 of 2nd period - Off-side.
14:12 of 2nd period - Nick Schmaltz wins face-off versus Casey Mittelstadt in neutral zone.
14:17 of 2nd period - Noah Hanifin is hit by Nick Schmaltz and loses puck.
15:34 of 2nd period - Slapshot by Philipp Kurashev.
15:34 of 2nd period - Goal by Philipp Kurashev - Vancouver Canucks : 3 - Colorado Rockies : 2.
15:35 of 2nd period - Tim Stutzle wins face-off versus Aleksander Barkov in neutral zone.
15:46 of 2nd period - Slapshot by Jesper Bratt.
15:46 of 2nd period - Shot Misses the Net.
15:48 of 2nd period - Wrist shot by Jesper Bratt.
15:48 of 2nd period - Stopped by Ville Husso without a rebound.
15:49 of 2nd period - Nikita Kucherov wins face-off versus Aleksander Barkov in Vancouver Canucks zone.
16:04 of 2nd period - Slapshot by Clayton Keller.
16:04 of 2nd period - Stopped by Joey Daccord without a rebound.
16:05 of 2nd period - Artturi Lehkonen wins face-off versus David Pastrnak in Colorado Rockies zone.
16:32 of 2nd period - Miro Heiskanen is hit by Nick Bonino and loses puck.
17:24 of 2nd period - Martin Fehervary is hit by Brett Leason and loses puck.
17:29 of 2nd period - Snap shot by Matias Maccelli.
17:29 of 2nd period - Stopped by Joey Daccord with a rebound.
19:02 of 2nd period - Backhand shot by David Pastrnak.
19:02 of 2nd period - Stopped by Ville Husso with a rebound.
19:04 of 2nd period - Snap shot by David Pastrnak.
19:04 of 2nd period - Goal by David Pastrnak - Vancouver Canucks : 3 - Colorado Rockies : 3.
19:05 of 2nd period - Nick Bonino wins face-off versus Aleksander Barkov in neutral zone.
19:16 of 2nd period - Snap shot by Michael Bunting.
19:16 of 2nd period - Stopped by Ville Husso without a rebound.
19:17 of 2nd period - Tim Stutzle wins face-off versus Aleksander Barkov in Vancouver Canucks zone.
19:32 of 2nd period - Off-side.
19:33 of 2nd period - Nick Bonino wins face-off versus Connor Zary in neutral zone.
19:43 of 2nd period - Snap shot by Michael Bunting.
19:43 of 2nd period - Shot Misses the Net.
19:45 of 2nd period - Wrist shot by Michael Bunting.
19:45 of 2nd period - Stopped by Ville Husso without a rebound.
19:46 of 2nd period - Tim Stutzle wins face-off versus Aleksander Barkov in Vancouver Canucks zone.
Goals for this period are 1 for Vancouver Canucks vs 3 for Colorado Rockies.
Shots for this period are 6 for Vancouver Canucks vs 11 for Colorado Rockies.
3rd period
0:01 of 3rd period - Tim Stutzle wins face-off versus Aleksander Barkov in neutral zone.
0:04 of 3rd period - Snap shot by Quinn Hughes.
0:04 of 3rd period - Shot Blocked by Miro Heiskanen.
0:06 of 3rd period - Snap shot by Tim Stutzle.
0:06 of 3rd period - Shot Misses the Net.
0:08 of 3rd period - Slapshot by Jesper Bratt.
0:08 of 3rd period - Shot Blocked by Clayton Keller.
0:10 of 3rd period - Slapshot by Victor Hedman.
0:10 of 3rd period - Deflect By Mikko Rantanen.
0:10 of 3rd period - Stopped by Ville Husso without a rebound.
0:11 of 3rd period - Aleksander Barkov wins face-off versus Nick Bonino in Vancouver Canucks zone.
0:22 of 3rd period - Slapshot by Nikita Kucherov.
0:22 of 3rd period - Shot Misses the Net.
0:24 of 3rd period - Slapshot by Victor Hedman.
0:24 of 3rd period - Deflect By Michael Bunting.
0:24 of 3rd period - Stopped by Ville Husso with a rebound.
0:26 of 3rd period - Snap shot by Michael Bunting.
0:26 of 3rd period - Stopped by Ville Husso with a rebound.
0:36 of 3rd period - Robby Fabbri is hit by Nick Schmaltz.
0:55 of 3rd period - Off-side.
0:56 of 3rd period - Casey Mittelstadt wins face-off versus Tim Stutzle in neutral zone.
1:03 of 3rd period - Victor Hedman is hit by Ty Dellandrea and loses puck.
1:25 of 3rd period - Icing by Michael Bunting.
1:26 of 3rd period - Philipp Kurashev wins face-off versus Aleksander Barkov in Colorado Rockies zone.
1:26 of 3rd period - Philipp Kurashev is hit by Clayton Keller.
1:45 of 3rd period - Double Minor Penalty to Quinn Hughes for Slashing.
1:46 of 3rd period - Mikko Rantanen wins face-off versus Nikita Kucherov in Colorado Rockies zone.
1:54 of 3rd period - Wrist shot by Clayton Keller.
1:54 of 3rd period - Deflect By David Pastrnak.
1:54 of 3rd period - Stopped by Joey Daccord with a rebound.
4:32 of 3rd period - Jesper Bratt is hit by Ty Dellandrea and loses puck.
5:45 of 3rd period - Penalty to Quinn Hughes is over, Quinn Hughes is back on ice.
6:11 of 3rd period - Miro Heiskanen is hit by Michael Bunting.
7:08 of 3rd period - Matias Maccelli is hit by Vince Dunn.
7:38 of 3rd period - Emil Martinsen Lilleberg is hit by Jesper Bratt and loses puck.
8:47 of 3rd period - Anton Lundell is hit by Andrew Peeke and loses puck.
8:54 of 3rd period - Nick Schmaltz is hit by Ty Dellandrea and loses puck.
9:12 of 3rd period - Icing by Robby Fabbri.
9:13 of 3rd period - Connor Zary wins face-off versus Nick Bonino in Vancouver Canucks zone.
9:18 of 3rd period - Clayton Keller is hit by Nick Bonino and loses puck.
9:33 of 3rd period - Chad Ruhwedel is hit by Martin Fehervary and loses puck.
9:51 of 3rd period - Snap shot by Robby Fabbri.
9:51 of 3rd period - Shot Misses the Net.
9:53 of 3rd period - Slapshot by Emil Martinsen Lilleberg.
9:53 of 3rd period - Stopped by Joey Daccord without a rebound.
9:54 of 3rd period - Tim Stutzle wins face-off versus Connor Zary in Colorado Rockies zone.
9:58 of 3rd period - Nikita Kucherov is hit by Noah Hanifin.
10:02 of 3rd period - Slapshot by Quinn Hughes.
10:02 of 3rd period - Shot Blocked by Artturi Lehkonen.
10:23 of 3rd period - Snap shot by Mikko Rantanen.
10:23 of 3rd period - Shot Misses the Net.
10:25 of 3rd period - Slapshot by Mikko Rantanen.
10:25 of 3rd period - Shot Misses the Net.
10:27 of 3rd period - Slapshot by Noah Hanifin.
10:27 of 3rd period - Shot Misses the Net.
10:29 of 3rd period - Slapshot by Noah Hanifin.
10:29 of 3rd period - Stopped by Joey Daccord without a rebound.
10:30 of 3rd period - Nick Schmaltz wins face-off versus Aleksander Barkov in Colorado Rockies zone.
10:57 of 3rd period - Wrist shot by Connor Zary.
10:57 of 3rd period - Deflect By Nikita Kucherov.
10:57 of 3rd period - Stopped by Joey Daccord with a rebound.
10:59 of 3rd period - Slapshot by Chad Ruhwedel.
10:59 of 3rd period - Deflect By Connor Zary.
10:59 of 3rd period - Stopped by Joey Daccord with a rebound.
11:01 of 3rd period - Slapshot by Artturi Lehkonen.
11:01 of 3rd period - Goal by Artturi Lehkonen - Vancouver Canucks : 4 - Colorado Rockies : 3.
11:02 of 3rd period - Tim Stutzle wins face-off versus Aleksander Barkov in neutral zone.
11:59 of 3rd period - Chad Ruhwedel is hit by Kyle Palmieri.
12:05 of 3rd period - Snap shot by Ryan McDonagh.
12:05 of 3rd period - Stopped by Joey Daccord with a rebound.
12:29 of 3rd period - Icing by Ty Dellandrea.
12:30 of 3rd period - Aleksander Barkov wins face-off versus Nick Schmaltz in Vancouver Canucks zone.
12:39 of 3rd period - Slapshot by Clayton Keller.
12:39 of 3rd period - Stopped by Joey Daccord without a rebound.
12:40 of 3rd period - Aleksander Barkov wins face-off versus Nikita Kucherov in Colorado Rockies zone.
12:47 of 3rd period - Slapshot by Tim Stutzle.
12:47 of 3rd period - Shot Misses the Net.
12:49 of 3rd period - Slapshot by Nikita Kucherov.
12:49 of 3rd period - Stopped by Ville Husso without a rebound.
12:50 of 3rd period - Aleksander Barkov wins face-off versus Tim Stutzle in Vancouver Canucks zone.
12:50 of 3rd period - Aleksander Barkov is hit by Tim Stutzle.
13:16 of 3rd period - Wrist shot by Jesper Bratt.
13:16 of 3rd period - Shot Blocked by Noah Hanifin.
13:18 of 3rd period - Snap shot by Tim Stutzle.
13:18 of 3rd period - Goal by Tim Stutzle - Vancouver Canucks : 4 - Colorado Rockies : 4.
13:19 of 3rd period - Aleksander Barkov wins face-off versus Tim Stutzle in neutral zone.
13:29 of 3rd period - Icing by Nikita Zadorov.
13:30 of 3rd period - Tim Stutzle wins face-off versus Aleksander Barkov in Colorado Rockies zone.
13:46 of 3rd period - Wrist shot by Jesper Bratt.
13:46 of 3rd period - Stopped by Ville Husso with a rebound.
14:06 of 3rd period - Wrist shot by David Pastrnak.
14:06 of 3rd period - Stopped by Ville Husso with a rebound.
15:32 of 3rd period - Wrist shot by Connor Zary.
15:32 of 3rd period - Shot Misses the Net.
15:34 of 3rd period - Wrist shot by Artturi Lehkonen.
15:34 of 3rd period - Deflect By Tim Stutzle.
15:34 of 3rd period - Stopped by Joey Daccord with a rebound.
15:36 of 3rd period - Slapshot by Emil Martinsen Lilleberg.
15:36 of 3rd period - Shot Misses the Net.
16:04 of 3rd period - Emil Martinsen Lilleberg is hit by Nikita Zadorov and loses puck.
16:09 of 3rd period - Slapshot by Philipp Kurashev.
16:09 of 3rd period - Shot Misses the Net.
16:11 of 3rd period - Snap shot by Philipp Kurashev.
16:11 of 3rd period - Stopped by Ville Husso without a rebound.
16:12 of 3rd period - Tim Stutzle wins face-off versus Casey Mittelstadt in Vancouver Canucks zone.
16:32 of 3rd period - Minor Penalty to Miro Heiskanen for Roughing.
16:33 of 3rd period - Nick Schmaltz wins face-off versus Aleksander Barkov in Vancouver Canucks zone.
16:35 of 3rd period - Wrist shot by Kyle Connor.
16:35 of 3rd period - Stopped by Ville Husso with a rebound.
16:37 of 3rd period - Slapshot by Vince Dunn.
16:37 of 3rd period - Goal by Vince Dunn - Vancouver Canucks : 4 - Colorado Rockies : 5.
16:38 of 3rd period - Casey Mittelstadt wins face-off versus Nick Bonino in neutral zone.
16:41 of 3rd period - Slapshot by Ryan McDonagh.
16:41 of 3rd period - Shot Misses the Net.
16:49 of 3rd period - Wrist shot by Casey Mittelstadt.
16:49 of 3rd period - Stopped by Joey Daccord with a rebound.
17:05 of 3rd period - Quinn Hughes is hit by Mikko Rantanen and loses puck.
17:32 of 3rd period - Snap shot by Tim Stutzle.
17:32 of 3rd period - Shot Misses the Net.
17:40 of 3rd period - Minor Penalty to Connor Zary for Hooking.
17:41 of 3rd period - Aleksander Barkov wins face-off versus Tim Stutzle in Vancouver Canucks zone.
18:17 of 3rd period - Icing by Nikita Zadorov.
18:18 of 3rd period - Artturi Lehkonen wins face-off versus Nick Schmaltz in Colorado Rockies zone.
18:19 of 3rd period - Snap shot by Ty Dellandrea.
18:19 of 3rd period - Shot Misses the Net.
18:41 of 3rd period - Icing by Vince Dunn.
18:42 of 3rd period - Tim Stutzle wins face-off versus Aleksander Barkov in Colorado Rockies zone.
18:56 of 3rd period - Minor Penalty to Brett Leason for Hooking.
18:57 of 3rd period - Tim Stutzle wins face-off versus Mikko Rantanen in Vancouver Canucks zone.
19:40 of 3rd period - Penalty to Connor Zary is over, Connor Zary is back on ice.
19:40 of 3rd period - Slapshot by Noah Hanifin.
19:40 of 3rd period - Deflect By Connor Zary.
19:40 of 3rd period - Shot Misses the Net.
19:40 of 3rd period - Puck is out of play.
19:41 of 3rd period - Jeremy Colliton call a timeout for Vancouver Canucks.
19:41 of 3rd period - Aleksander Barkov wins face-off versus Tim Stutzle in Colorado Rockies zone.
Goals for this period are 1 for Vancouver Canucks vs 2 for Colorado Rockies.
Shots for this period are 10 for Vancouver Canucks vs 10 for Colorado Rockies.
Back to the Top